 Dungeon Crawl Stone Soup version 0.29-a0-221-gceb61267dd (webtiles) character file.

Game seed: 14754326619869556797

310 cyrus the Skirmisher (level 6, 0/32 HPs)
             Began as a Vine Stalker Fighter on Feb 26, 2022.
             Was a Believer of Qazlal.
             Succumbed to Eustachio's poison
             ... on level 4 of the Dungeon.
             The game lasted 00:05:34 (3315 turns).

cyrus the Skirmisher (Vine Stalker Fighter)         Turns: 3315, Time: 00:05:35

Health: 0/32       AC: 12    Str: 18    XL:     6   Next: 41%
Magic:  2/7        EV:  5    Int: 10    God:    Qazlal [**....]
Gold:   119        SH:  3    Dex: 14    Spells: 5/5 levels left

rFire   . . .      SeeInvis .   q - +0 halberd (freeze)
rCold   . . .      Faith    .   (shield currently unavailable)
rNeg    . . .      Spirit   +   k - +0 plate armour
rPois   .          Reflect  .   (no helmet)
rElec   .          Harm     .   (no cloak)
rCorr   .          Rampage  .   (no gloves)
Will    .....                   h - +0 pair of boots
Stlth   ..........              (no amulet)
HPRegen 0.90/turn               (no ring)
MPRegen 0.10/turn               (no ring)

@: lethally poisoned (0 -> -2)
A: fangs 2, regeneration 1, magic shield, antimagic bite, no potion heal 2
a: Renounce Religion, Upheaval


You were on level 4 of the Dungeon.
You worshipped Qazlal.
Qazlal was pleased with you.
You visited 1 branch of the dungeon, and saw 4 of its levels.

You collected 119 gold pieces.

Inventory:

Hand Weapons
 a - a +0 war axe
 o - a +0 halberd
 p - a +0 flail
 q - a +0 halberd of freezing (weapon)
 r - a +0 whip
Armour
 b - a +0 scale mail
 c - a +0 buckler
 h - a +0 pair of boots (worn)
 k - a +0 plate armour (worn)
Scrolls
 e - a scroll of amnesia {unknown}
 f - 3 scrolls of teleportation {unknown}
 g - 6 scrolls of identify {unknown}
 j - a scroll of enchant armour {unknown}
 m - a scroll of brand weapon {unknown}
 n - 2 scrolls of magic mapping {unknown}
 u - a scroll of acquirement {unknown}
 v - a scroll of immolation {unknown}
 w - a scroll of summoning {unknown}
 x - a scroll of blinking {unknown}
Potions
 d - 2 potions of lignification {unknown}
 i - 3 potions of attraction {unknown}
 l - a potion of berserk rage {unknown}
 s - a potion of cancellation {unknown}
 t - 3 potions of curing {unknown}


   Skills:
 + Level 3.6 Fighting
 + Level 3.2(3.6) Axes
 + Level 2.3(3.2) Polearms
 + Level 3.5 Armour
 + Level 0.4 Dodging
 + Level 0.1 Stealth
 + Level 3.1 Shields


You had 5 spell levels left.
You didn't know any spells.
Your spell library was empty.

Dungeon Overview and Level Annotations

Branches:
Dungeon (4/15)
 Temple: D:4-7

Altars:
Elyvilon
Kikubaaqudgha
Qazlal

Annotations:
D:4 Eustachio


Innate Abilities, Weirdness & Mutations

You have extremely sharp teeth.
Your natural rate of healing is unusually fast.
When hurt, damage is shared between your health and your magic reserves.
Your bite disrupts and absorbs the magic of your enemies.
Potions cannot restore your health.


Message History

The white imp disappears in a puff of smoke!
The iron imp hits you.
Eustachio mumbles some strange words.
The iron imp hits you but does no damage.
The bat hits you but does no damage. The bat hits you but does no damage.
The iron imp is struck by lightning.
The iron imp hits you but does no damage.
Eustachio hits you with a +1 rapier of venom.
You are poisoned.
You barely miss Eustachio.
Eustachio is moderately wounded.
You feel very sick. The bat completely misses you.
Eustachio hits you but does no damage.
You are more poisoned.
The iron imp hits you but does no damage.
You hear the quick rusting of a distant drain.
You feel very sick. The bat hits you but does no damage.
The bat barely misses you.
The iron imp hits you but does no damage.
Eustachio hits you with a +1 rapier of venom.
You are lethally poisoned!
You feel very sick.
The iron imp disappears in a puff of smoke!
The bat barely misses you.
* * * LOW HITPOINT WARNING * * *
You feel very sick. You block the bat's attack.
* * * LOW HITPOINT WARNING * * *
You feel very sick. The bat hits you but does no damage. x2
* * * LOW HITPOINT WARNING * * *
You feel very sick. The bat hits you but does no damage.
* * * LOW HITPOINT WARNING * * *
You feel sick. You block the bat's attack.
* * * LOW HITPOINT WARNING * * *
You feel sick. The bat hits you but does no damage.
Eustachio mumbles some strange words.
Eustachio blinks!
You die...

#.#.#############'#...
_. #..(...... #
#......... #.........
+.........
#########......##+
#..............#..
#..............#..
#@.b°..........'..
#...§..........#..
#..............#..
#..............#.#
##....@#########.#
#.....# #....+ #..[..#
#....# #.....# #..).#
#.... #....#


You could see Eustachio and a bat (summoned).

Vanquished Creatures
  A sky beast (D:3)
  2 hounds (D:3)
  3 adders
  7 gnolls
  2 worms
  2 orcs (D:3)
  2 ball pythons
  3 bats (D:3)
  2 bat zombies (D:3)
  An endoplasm (D:1)
  7 goblins
  4 hobgoblins
  2 jackals (D:2)
  6 kobolds
  3 quokkas
  A frilled lizard (D:3)
  7 rats
  2 rat zombies (D:3)
57 creatures vanquished.

Notes
Turn   | Place    | Note
-------+----------+-------------------------------------------
     0 | D:1      | cyrus the Vine Stalker Fighter began the quest for the Orb.
     0 | D:1      | Reached XP level 1. HP: 11/11 MP: 2/2
   270 | D:1      | Reached XP level 2. HP: 14/16 MP: 3/3
  1140 | D:2      | Found a faded altar of an unknown god.
  1156 | D:2      | Prayed at the altar of an unknown god.
  1156 | D:2      | Became a worshipper of Qazlal Stormbringer
  1156 | D:2      | Reached * piety under Qazlal
  1202 | D:2      | Reached XP level 3. HP: 20/20 MP: 4/4
  1983 | D:3      | Gained mutation: Your natural rate of healing is unusually
                  | fast. [Vine Stalker growth]
  1983 | D:3      | Reached XP level 4. HP: 14/24 MP: 1/5
  2659 | D:3      | Reached XP level 5. HP: 28/28 MP: 6/6
  2669 | D:3      | Found an ancient bone altar of Kikubaaqudgha.
  2695 | D:3      | Noticed a sky beast
  2702 | D:3      | Reached ** piety under Qazlal
  2707 | D:3      | Killed a sky beast
  2708 | D:3      | Reached skill level 1 in Polearms
  2708 | D:3      | Reached XP level 6. HP: 27/32 MP: 7/7
  3239 | D:4      | Noticed Eustachio
  3243 | D:4      | Found a white marble altar of Elyvilon.
  3314 | D:4      | HP: 1/32 [poisoned by Eustachio]
  3315 | D:4      | Succumbed to Eustachio's poison

Illustrated notes

Levels and vault maps discovered:
D:1:      dpeg_arrival_line_fractal, layout_loops_cross, eino_curves_02,
          roderic_filled_cross, kennysheep_decorative_pillar
D:2:      layout_loops_cross, hellmonk_ecumenical_altar_dog_temple
D:3:      layout_rooms, lemuel_zombie_altar_kikubaaqudgha,
          minmay_divided_ellipse
D:4:      layout_gridville, lemuel_crystal_altar, gup_sewer_entry_spiral,
          uniq_eustachio, uniq_ijyb

Skill      XL: |  1  2  3  4  5  6 |
---------------+-------------------+-----
Shields        | 3 |  3.1
Fighting       | 3 |  3.6
Axes           | 2 3 |  3.2
Armour         | 3 |  3.5
Polearms       | 1 2 |  2.3
Dodging        | |  0.4
Stealth        | |  0.1

Action                   |  1- 3 |  4- 6 || total
-------------------------+-------+-------++-------
Melee: War axe           |    68 |     8 ||    76
       Bite              |     7 |    22 ||    29
       Halberd           |       |    80 ||    80
  Use: Potion            |       |     2 ||     2
Armor: Scale mail        |    21 |       ||    21
       Plate armour      |    22 |   103 ||   125
Dodge: Dodged            |    39 |    34 ||    73
Block: Buckler           |    14 |     7 ||    21
       Other             |       |     6 ||     6

Table legend: (Time is in decaauts)
 A = Elapsed time spent in this place.
 B = Non-inter-level travel time spent in this place.
 C = Inter-level travel time spent in this place.
 D = Time resting spent in this place.
 E = Time spent auto-exploring this place.
 F = Levels seen in this place.
 G = Mean time per level.
                   A        B        C        D        E       F      G
               +--------+--------+--------+--------+--------+-----+--------+
         Total |   3376 |   3248 |    128 |   1033 |   1535 |   4 |  844.0 |
       Dungeon |   3376 |   3248 |    128 |   1033 |   1535 |   4 |  844.0 |
               +--------+--------+--------+--------+--------+-----+--------+

Top non-repeatable levels by time:
     D:1: 1153 daAuts
     D:3: 1129 daAuts
     D:2: 820 daAuts
     D:4: 274 daAuts
